 Dungeon Sprint DCSS version bcrawl-1.19.2-6-g6a88ae04c9 (webtiles) character file.

Game seed: 7581836405718038862

111 Freyura the Cudgeler (level 4, 0/31 HPs)
             Began as a Gargoyle Fighter on Jan 6, 2020.
             Slain by a sky beast (2 damage)
             ... in the Dungeon (Sprint IX: "|||||||||||||||||||||||||||||").
             The game lasted 00:01:11 (248 turns).

Freyura the Cudgeler (Gargoyle Fighter)              Turns: 248, Time: 00:01:11

Health: 0/31       AC: 11    Str: 24    XL:     4   Next: 92%
Magic:  4/4        EV:  9    Int:  9    God:
Gold:   0          SH: 10    Dex: 10    Spells: 3/3 levels left

rFire    . . .     SeeInvis .   a - +0 flail
rCold    . . .     Gourm    .   c - +0 shield
rNeg     + . .     Faith    .   b - +0 scale mail
rPois    ∞         Spirit   .   (no helmet)
rElec    +         Reflect  .   (no cloak)
rCorr    .         Harm     .   (no gloves)
MR       .....     NoTele   +   (no boots)
Stlth    ..........             (no amulet)
HPRegen  0.10/turn              (no ring)
MPRegen  0.09/turn              (no ring)

@: mighty, very slow
A: negative energy resistance 1, electricity resistance, unbreathing,
petrification resistance, rot immunity, AC +3
a: no special abilities


You were in the Dungeon.
You were not hungry.

You visited 1 branch

Inventory:

Hand Weapons
 a - a +0 flail (weapon)
Armour
 b - a +0 scale mail (worn)
 c - a +0 shield (worn)
Scrolls
 k - a scroll of blinking
Potions
 e - a potion of curing
 h - a potion of haste
 i - 2 potions of magic
Comestibles
 f - a ration {!d}


   Skills:
 + Level 5.2 Fighting
 * Level 5.7 Maces & Flails
 + Level 5.1 Armour
 + Level 2.8 Dodging
 + Level 5.3 Shields


You had 3 spell levels left.
You didn't know any spells.
Your spell library was empty.

Dungeon Overview and Level Annotations

Branches:
Dungeon (1/1)

Altars:


Innate Abilities, Weirdness & Mutations

You are resistant to torment.
Your stone body is resilient. (AC +3)
You are immune to poison.
You resist negative energy. (rN+)
You are resistant to electric shocks. (rElec)
You can survive without breathing.
You are immune to petrification.
You are immune to rotting.


Message History

You completely miss something. Something hits you.
* * * LOW HITPOINT WARNING * * *
Something shocks you. You resist.
* * * LOW HITPOINT WARNING * * *
You barely miss something. Something hits you.
* * * LOW HITPOINT WARNING * * *
Something shocks you. You resist.
* * * LOW HITPOINT WARNING * * *
Your unstable footing causes you to fumble your attack.
You block something's attack. Something hits you but does no damage.
You closely miss something. Something hits you but does no damage.
Your unstable footing causes you to fumble your attack.
Something hits you but does no damage.
You closely miss something. Something hits you but does no damage.
You miss something. Something hits you but does no damage.
Your unstable footing causes you to fumble your attack.
Something hits you but does no damage. Something hits you.
* * * LOW HITPOINT WARNING * * *
Something shocks you. You resist.
You die...

▓.▓
▓.▓
▓.▓
▓)▓
▓)▓
▓÷▓
▓.▓
▓.▓
▓@▓
▓{▓
▓Z▓
▓.▓
▓.▓
▓.▓
▓.▓
▓+▓


You could see a bat skeleton.

Vanquished Creatures
  A sky beast (D)
  An adder (D)
  A dart slug (D)
  A ball python (D)
  2 goblins (D)
  A hobgoblin (D)
  A frilled lizard (D)
8 creatures vanquished.

Notes
Turn   | Place    | Note
-------+----------+-------------------------------------------
     0 | D        | Freyura the Gargoyle Fighter began the quest for the Orb.
     0 | D        | Reached XP level 1. HP: 14/14 MP: 1/1
    18 | D        | Reached XP level 2. HP: 12/20 MP: 2/2
    25 | D        | Reached skill level 1 in Dodging
   174 | D        | Noticed a sky beast
   174 | D        | Noticed a sky beast
   197 | D        | Killed a sky beast
   197 | D        | Reached skill level 5 in Fighting
   197 | D        | Reached skill level 5 in Maces & Flails
   197 | D        | Reached skill level 5 in Armour
   197 | D        | Reached skill level 5 in Shields
   197 | D        | Reached XP level 3. HP: 9/26 MP: 3/3
   197 | D        | Reached XP level 4. HP: 11/31 MP: 4/4
   248 | D        | Slain by a sky beast

Skill      XL: |  1  2 |
---------------+-------+-----
Maces & Flails | 3 5 |  5.7
Dodging        | 2 |  2.8
Fighting       | 5 |  5.2
Armour         | 5 |  5.1
Shields        | 5 |  5.3

Action                   |  1- 3 |  4- 6 || total
-------------------------+-------+-------++-------
Melee: Flail             |    42 |    49 ||    91
  Use: Potion            |     1 |     2 ||     3
Armor: Scale mail        |    20 |    29 ||    49
Dodge: Dodged            |     5 |     8 ||    13
Block: Shield            |    14 |    22 ||    36
